[Event "Late-Titled-Tuesday-Blitz-February-27-2024"]
[Site "Chess.com"]
[Date "2024.02.27"]
[Round "6"]
[White "Malev212"]
[Black "dolynachess"]
[Result "0-1"]
[WhiteElo "2643"]
[BlackElo "2480"]
[TimeControl "180+1"]
[EndTime "15:01:32 PST"]
[Termination "dolynachess won by resignation"]

1. e4 c5 2. Nf3 d6 3. Bb5+ Bd7 4. Bxd7+ Qxd7 5. O-O Nc6 6. c3 Nf6 7. Qe2 e6 8. d4 cxd4 9. cxd4 d5 10. e5 Ne4 11.
Be3 Be7 12. Ne1 h6 13. f3 Ng5 14. Nd3 O-O 15. Nd2 f6 16. Rac1 fxe5 17. dxe5 Rac8 18. f4 Ne4 19. Nxe4 dxe4 20. Nc5 Nd4 21. Nxd7 Nxe2+ 22. Kf2 Nxc1 0-1

[Event "Late-Titled-Tuesday-Blitz-February-27-2024"]
[Site "Chess.com"]
[Date "2024.02.27"]
[Round "6"]
[White "Boninknights"]
[Black "guillembaches"]
[Result "0-1"]
[WhiteElo "2391"]
[BlackElo "2533"]
[TimeControl "180+1"]
[EndTime "15:01:51 PST"]
[Termination "guillembaches won by resignation"]

1. b3 d5 2. e3 Bf5 3. Bb2 e6 4. Nf3 h6 5. Be2 Nf6 6. O-O Nbd7 7. d3 a5 8. a3 Bd6 9. Nbd2 Bh7 10. e4 dxe4 11.
dxe4 Nxe4 12. Nxe4 Bxe4 13. Bxg7 Rg8 14. Bxh6 Bxf3 15.
Bxf3 Qh4 16. g3 Qxh6 17. Bxb7 Rd8 18. Bc6 Ke7 19. Re1 Ne5 20. Bg2 Ng4 0-1

[Event "Late-Titled-Tuesday-Blitz-February-27-2024"]
[Site "Chess.com"]
[Date "2024.02.27"]
[Round "6"]
[White "EDaMatta"]
[Black "DeArron_Fox"]
[Result "0-1"]
[WhiteElo "2244"]
[BlackElo "2474"]
[TimeControl "180+1"]
[EndTime "15:01:54 PST"]
[Termination "DeArron_Fox won by resignation"]

1. d4 d5 2. c4 e6 3. Nc3 Nf6 4.
Bg5 Be7 5. e3 O-O 6. Qc2 h6 7.
Bh4 b6 8. Nf3 Bb7 9. Bd3 Nbd7 10.
cxd5 Nxd5 11. Bxe7 Qxe7 12. a3 c5 13. O-O Rac8 14.
Qe2 cxd4 15. Nxd5 Bxd5 16. Nxd4 Qg5 17. e4 Bb7 18. f4 Qc5 19. Qf2 Nf6 20. e5 Ng4 0-1

[Event "Late-Titled-Tuesday-Blitz-February-27-2024"]
[Site "Chess.com"]
[Date "2024.02.27"]
[Round "6"]
[White "jodarmarlon1985"]
[Black "HajiyevKanan"]
[Result "0-1"]
[WhiteElo "2245"]
[BlackElo "2482"]
[TimeControl "180+1"]
[EndTime "15:01:54 PST"]
[Termination "HajiyevKanan won by resignation"]

1. e4 c6 2. Nf3 d5 3. exd5 cxd5 4. Ne5 Nc6 5. d4 Qb6 6. c3 Bf5 7. Bd3 Bxd3 8. Qxd3 e6 9. O-O Bd6 10. Re1 Nf6 11. Qg3 O-O 12. Nd2 Rfe8 13. Ndf3 Ne4 14.
Qg4 Nxe5 15. dxe5 Qxf2+ 16. Kh1 Bc5 17. Bh6 Qg1+ 0-1

[Event "Late-Titled-Tuesday-Blitz-February-27-2024"]
[Site "Chess.com"]
[Date "2024.02.27"]
[Round "6"]
[White "Narek_Ghimoyan"]
[Black "otrov-11"]
[Result "1-0"]
[WhiteElo "2415"]
[BlackElo "2609"]
[TimeControl "180+1"]
[EndTime "15:02:09 PST"]
[Termination "Narek_Ghimoyan won by resignation"]

1. d4 Nf6 2. c4 e6 3. Nf3 b6 4. g3 Bb7 5. Bg2 Be7 6. O-O O-O 7. d5 exd5 8. Nh4 c6 9. cxd5 Nxd5 10. Nf5 Nc7 11. e4 d5 12. Nc3 Bf6 13. Re1 Re8 14.
Bf4 Nba6 15. Nd6 Bc8 16. Nxe8 Nxe8 17. exd5 Nc5 18. dxc6 Be6 19. c7 Nxc7 20. Bxa8 Qxa8 21. Bxc7 g6 22. Bd6 Nd7 23. Be7 Bxe7 24. Rxe6 1-0

[Event "Late-Titled-Tuesday-Blitz-February-27-2024"]
[Site "Chess.com"]
[Date "2024.02.27"]
[Round "6"]
[White "jk13"]
[Black "cthulhuuu"]
[Result "1-0"]
[WhiteElo "2674"]
[BlackElo "2434"]
[TimeControl "180+1"]
[EndTime "15:02:27 PST"]
[Termination "jk13 won by resignation"]

1. e4 d6 2. d4 Nf6 3. Nc3 c6 4. f4 Qb6 5. e5 Nd5 6. Nxd5 cxd5 7. c3 Bf5 8. Nf3 Nc6 9. Bd3 Bxd3 10. Qxd3 e6 11. O-O g6 12. Kh1 a6 13. Rb1 Qb5 14.
Qd1 Na5 15. Be3 Rc8 16. Bf2 Be7 17. Qe1 Qd3 18. Bh4 Nc6 19. Bxe7 Nxe7 20. exd6 Nc6 21. Ne5 O-O 22. Nxd3 1-0

[Event "Late-Titled-Tuesday-Blitz-February-27-2024"]
[Site "Chess.com"]
[Date "2024.02.27"]
[Round "6"]
[White "PapaieDudu"]
[Black "HandKnit"]
[Result "0-1"]
[WhiteElo "2395"]
[BlackElo "2523"]
[TimeControl "180+1"]
[EndTime "15:02:28 PST"]
[Termination "HandKnit won by resignation"]

1. Nf3 Nf6 2. d4 e6 3. c4 d5 4. Nc3 Be7 5. Bg5 O-O 6. e3 b6 7.
Bd3 dxc4 8. Bxc4 Bb7 9. O-O Nbd7 10. Qe2 c5 11. Rfd1 cxd4 12. Rxd4 Qc7 13. Rad1 Rac8 14.
Nb5 Qb8 15. Bf4 e5 16. Rxd7 Nxd7 17. Rxd7 exf4 18. Rxe7 Bxf3 19. gxf3 a6 20. Nd4 b5 21. Bb3 Rc1+ 22. Kg2 Qd6 23. Re4 Qg6+ 24. Kh3 Rg1 25. Bxf7+ Rxf7 26. Re8+ Rf8 27. Rxf8+ Kxf8 0-1

[Event "Late-Titled-Tuesday-Blitz-February-27-2024"]
[Site "Chess.com"]
[Date "2024.02.27"]
[Round "6"]
[White "Fonsofan"]
[Black "Beca95"]
[Result "0-1"]
[WhiteElo "2756"]
[BlackElo "2942"]
[TimeControl "180+1"]
[EndTime "15:02:50 PST"]
[Termination "Beca95 won by resignation"]

1. b4 e5 2. Bb2 Bxb4 3. Bxe5 Nf6 4. Nf3 O-O 5. e3 d5 6. Be2 c5 7.
O-O Nc6 8. Bg3 Re8 9. d4 c4 10. Bh4 h6 11. a3 Ba5 12. Bxf6 Qxf6 13. Nbd2 Bf5 14. Rb1 Rab8 15. Rb5 Qd6 16. Qb1 Bd7 17. e4 dxe4 18. Nxc4 Qc7 19. Nfe5 Nxd4 20. Rxa5 Nxe2+ 21. Kh1 b6 22. Rd5 Be6 0-1

[Event "Late-Titled-Tuesday-Blitz-February-27-2024"]
[Site "Chess.com"]
[Date "2024.02.27"]
[Round "6"]
[White "CrushingKings"]
[Black "venturov"]
[Result "1-0"]
[WhiteElo "2628"]
[BlackElo "2439"]
[TimeControl "180+1"]
[EndTime "15:02:53 PST"]
[Termination "CrushingKings won by resignation"]

1. Nf3 g6 2. d4 Bg7 3. g3 Nf6 4. Bg2 O-O 5. b3 d6 6. Bb2 Nbd7 7. O-O e5 8. dxe5 Ng4 9. c4 Ndxe5 10. Nc3 Bd7 11. Qd2 a5 12. Rad1 a4 13. h3 Nxf3+ 14. Bxf3 Ne5 15. Bxb7 Bxh3 16. Bg2 Bxg2 17. Kxg2 axb3 18. axb3 Qb8 19. Qc2 Qb7+ 20. Nd5 Rfb8 21. Bxe5 Bxe5 22. Rb1 Ra3 23. b4 Rc3 24. Qe4 f5 25.
Qh4 Qc6 26. Rfc1 Qxc4 27. Qxc4 Rxc4 28. Rxc4 c5 29. Rd1 1-0

[Event "Late-Titled-Tuesday-Blitz-February-27-2024"]
[Site "Chess.com"]
[Date "2024.02.27"]
[Round "6"]
[White "lluiss"]
[Black "Defenstrator"]
[Result "0-1"]
[WhiteElo "2130"]
[BlackElo "2396"]
[TimeControl "180+1"]
[EndTime "15:03:02 PST"]
[Termination "Defenstrator won by resignation"]

1. Nf3 Nc6 2. d4 d6 3. g3 e5 4. dxe5 Nxe5 5. Nxe5 dxe5 6. Qxd8+ Kxd8 7. Bg2 c6 8. f4 Bd6 9. Nc3 exf4 10. Bxf4 Bxf4 11. gxf4 Kc7 12. O-O-O Nf6 13. e4 Bg4 14. Rd2 Rad8 15. Rxd8 Rxd8 16. e5 Nh5 17. Rf1 Rd4 18. f5 Nf4 19.
Bf3 Bxf5 20. Nd1 Be6 21. c3 Ra4 22. a3 Nd3+ 23. Kc2 Nxe5 24. Be2 Re4 25. Rf2 Ng4 26. Rg2 Bf5 27. Bd3 Ne5 28. Nf2 Re2+ 29. Kd1 Bxd3 0-1

[Event "Late-Titled-Tuesday-Blitz-February-27-2024"]
[Site "Chess.com"]
[Date "2024.02.27"]
[Round "6"]
[White "FairChess_on_YouTube"]
[Black "xasid81"]
[Result "1-0"]
[WhiteElo "3096"]
[BlackElo "2621"]
[TimeControl "180+1"]
[EndTime "15:03:05 PST"]
[Termination "FairChess_on_YouTube won by resignation"]

1. c4 c6 2. Nf3 d5 3. g3 Nf6 4. Bg2 e6 5. O-O Nbd7 6. d4 Be7 7. Nbd2 O-O 8. Qc2 b6 9. e4 dxe4 10. Nxe4 Bb7 11. Ne5 Nxe5 12. dxe5 Nxe4 13. Bxe4 h6 14. Qe2 Qc7 15. Qh5 c5 16. Bc2 Qc6 17. f3 f5 18. exf6 Rxf6 19. Bf4 Qe8 20. Qxe8+ Rxe8 21. Rad1 g5 22. Be5 Rxf3 23. Rd7 Rxf1+ 24. Kxf1 Bc6 25. Rc7 Bf3 26. Bg6 Rf8 27. Rxe7 Be4+ 28. Ke1 1-0

[Event "Late-Titled-Tuesday-Blitz-February-27-2024"]
[Site "Chess.com"]
[Date "2024.02.27"]
[Round "6"]
[White "toninhojit"]
[Black "trriinu"]
[Result "1-0"]
[WhiteElo "2461"]
[BlackElo "2247"]
[TimeControl "180+1"]
[EndTime "15:03:08 PST"]
[Termination "toninhojit won on time"]

1. e4 d5 2. exd5 Qxd5 3. Nc3 Qd6 4. Nf3 Nf6 5. g3 Nc6 6. Bg2 Bg4 7. d3 e6 8. O-O O-O-O 9. Be3 a6 10. h3 Bh5 11.
Ne4 Nxe4 12. dxe4 Qb4 13. Qe1 Qxb2 14. g4 Bg6 15. Rb1 Qa3 16. Rb3 Qxa2 17. Qc3 Qa5 18.
Qb2 b5 19. Ra1 1-0

[Event "Late-Titled-Tuesday-Blitz-February-27-2024"]
[Site "Chess.com"]
[Date "2024.02.27"]
[Round "6"]
[White "fidetrainerNET"]
[Black "GlavkonVVS"]
[Result "0-1"]
[WhiteElo "2360"]
[BlackElo "2524"]
[TimeControl "180+1"]
[EndTime "15:03:10 PST"]
[Termination "GlavkonVVS won by checkmate"]

1. e4 Nf6 2. e5 Nd5 3. Nc3 Nb6 4.
a4 a5 5. d4 d6 6. f4 g6 7. Bb5+ c6 8. Bd3 Bg7 9. Be3 O-O 10. Nf3 Bg4 11. O-O N8d7 12. Ne4 Nd5 13. Qd2 Bxf3 14. Rxf3 Nxe3 15. Qxe3 c5 16. dxc5 dxe5 17.
f5 Rc8 18. fxg6 hxg6 19. Bc4 Nf6 20. Bb3 Qd4 21. Qxd4 exd4 22. Re1 Nxe4 23. Rxe4 e6 24. g4 Rxc5 25. Kg2 b5 26. h4 bxa4 27. Bxa4 Rb8 28. Ref4 Rb4 29. Be8 Rxc2+ 30. Kh3 f5 31. Bxg6 Be5 32.
Bxf5 exf5 33. Rxf5 Rh2# 0-1

[Event "Late-Titled-Tuesday-Blitz-February-27-2024"]
[Site "Chess.com"]
[Date "2024.02.27"]
[Round "6"]
[White "GmSergioBarrientos"]
[Black "bipe137"]
[Result "1-0"]
[WhiteElo "2731"]
[BlackElo "2573"]
[TimeControl "180+1"]
[EndTime "15:03:13 PST"]
[Termination "GmSergioBarrientos won by resignation"]

1. c4 e6 2. Nf3 d5 3. e3 Nf6 4. Nc3 Be7 5. b3 O-O 6. Bb2 a5 7. Qc2 Na6 8. a3 Nc5 9. Be2 b6 10. O-O Bb7 11. Rfd1 Nce4 12. d3 Nxc3 13. Qxc3 Re8 14.
Rac1 c6 15. h3 Rc8 16. Qc2 Nd7 17. d4 Nf6 18. Bd3 Qc7 19. Qe2 Qb8 20. Rc2 Qa8 21. Rdc1 Nd7 22. Nd2 f5 23. cxd5 cxd5 24. Bb5 Red8 25.
Nf3 Bf6 26. Rxc8 Bxc8 27. Rc7 Qb8 28. Qc2 Nf8 29. Ne5 Bxe5 30. dxe5 Bd7 31. Bxd7 Rxd7 32. Rc6 Qb7 33. Bd4 b5 34. Qc5 b4 35. a4 1-0

[Event "Late-Titled-Tuesday-Blitz-February-27-2024"]
[Site "Chess.com"]
[Date "2024.02.27"]
[Round "6"]
[White "szachmistrz2500"]
[Black "sergiochess83"]
[Result "0-1"]
[WhiteElo "2443"]
[BlackElo "2896"]
[TimeControl "180+1"]
[EndTime "15:03:15 PST"]
[Termination "sergiochess83 won by resignation"]

1. d4 Nf6 2. c4 g6 3. Nc3 Bg7 4.
e4 d6 5. Be2 O-O 6. Bg5 c5 7.
d5 h6 8. Be3 e6 9. Qd2 exd5 10.
exd5 h5 11. h3 Re8 12. Nf3 Bf5 13. Ng5 a6 14. a4 Nbd7 15. O-O Nf8 16. Rfe1 N8h7 17.
Nxh7 Nxh7 18. Bf4 Be5 19. Bxe5 Rxe5 20. f4 Re8 21. Bd3 Qf6 22. Ne4 Qd4+ 23. Nf2 Bxd3 24. Qxd3 Qxf4 25. Ne4 Ng5 26. Nxg5 Qxg5 27. a5 Re5 28. Rxe5 Qxe5 29. Ra3 Re8 30. Rb3 Re7 31. Rb6 Qf4 32. Qf1 Qg3 0-1

[Event "Late-Titled-Tuesday-Blitz-February-27-2024"]
[Site "Chess.com"]
[Date "2024.02.27"]
[Round "6"]
[White "Rutricks"]
[Black "dropstoneDP"]
[Result "1/2-1/2"]
[WhiteElo "2697"]
[BlackElo "2975"]
[TimeControl "180+1"]
[EndTime "15:03:25 PST"]
[Termination "Game drawn by repetition"]

1. c4 c5 2. g3 Nf6 3. Bg2 Nc6 4. Nc3 e6 5. Nf3 d5 6. cxd5 exd5 7. d4 cxd4 8. Nxd4 Bc5 9. Nb3 Bb6 10. O-O d4 11.
Na4 O-O 12. Bg5 h6 13. Bxf6 Qxf6 14. Nxb6 axb6 15. Bxc6 bxc6 16. Qxd4 Rd8 17. Qxb6 Bh3 18. Rfd1 Rdb8 19. Qd4 Qxd4 20. Nxd4 Rxb2 21. Rac1 Raxa2 22. Rxc6 Rd2 23. Rcc1 g6 24. f3 Rxe2 25. Nxe2 Rxe2 26. Rd8+ Kg7 27. Rcd1 Rg2+ 28. Kh1 Rf2 29. R8d3 h5 30.
Kg1 Rg2+ 31. Kh1 Rf2 32. Kg1 Rg2+ 33. Kh1 Rf2 1/2-1/2

[Event "Late-Titled-Tuesday-Blitz-February-27-2024"]
[Site "Chess.com"]
[Date "2024.02.27"]
[Round "6"]
[White "1g60-1"]
[Black "egnfanclub"]
[Result "0-1"]
[WhiteElo "2235"]
[BlackElo "2407"]
[TimeControl "180+1"]
[EndTime "15:03:25 PST"]
[Termination "egnfanclub won by resignation"]

1. e4 e5 2. Nf3 Nc6 3. Bb5 a6 4.
Ba4 d6 5. c3 f5 6. exf5 Bxf5 7. d4 e4 8. d5 exf3 9. dxc6 b5 10. Bb3 fxg2 11. Rg1 Qh4 12. Rxg2 Qe4+ 13. Qe2 Qxe2+ 14. Kxe2 Ne7 15. a4 Be4 16. Rg3 Bxc6 17.
axb5 axb5 18. Rxa8+ Bxa8 19. Na3 Bc6 20. Bg5 Ng6 21. Nc2 Be7 22. Nd4 Bd7 23. Bxe7 Kxe7 24. h4 c5 25. h5 Nf4+ 26. Ke3 Nxh5 27. Rg5 cxd4+ 28. cxd4 g6 0-1

[Event "Late-Titled-Tuesday-Blitz-February-27-2024"]
[Site "Chess.com"]
[Date "2024.02.27"]
[Round "6"]
[White "maurovargas01"]
[Black "Felix-Rose"]
[Result "0-1"]
[WhiteElo "1845"]
[BlackElo "2267"]
[TimeControl "180+1"]
[EndTime "15:03:29 PST"]
[Termination "Felix-Rose won by resignation"]

1. e4 e5 2. Nf3 Nc6 3. Bc4 Nf6 4. O-O Bc5 5. d4 Bxd4 6. Nxd4 Nxd4 7. Bg5 h6 8. f4 d6 9. fxe5 dxe5 10. Bxf6 gxf6 11.
c3 Be6 12. Qa4+ Bd7 13. Qd1 Ne6 14. Qh5 Qe7 15. g3 Qc5+ 16. Kg2 Qxc4 17. Nd2 Qd3 18. Rad1 O-O-O 19. Rxf6 Bc6 20. Qxe5 Qe2+ 21. Rf2 Qxd1 22. Nc4 Qd3 23. Na5 Bxe4+ 24. Kh3 Ng5+ 25. Kh4 Nf3+ 0-1

[Event "Late-Titled-Tuesday-Blitz-February-27-2024"]
[Site "Chess.com"]
[Date "2024.02.27"]
[Round "6"]
[White "cassoulet"]
[Black "Andreikka"]
[Result "0-1"]
[WhiteElo "2766"]
[BlackElo "2958"]
[TimeControl "180+1"]
[EndTime "15:03:36 PST"]
[Termination "Andreikka won by resignation"]

1. d4 Nf6 2. Bg5 e6 3. Nd2 c5 4. e3 Nc6 5. Ngf3 b6 6. c3 Bb7 7. Bd3 Be7 8. O-O O-O 9. Re1 h6 10.
Bh4 Nh5 11. Bxe7 Qxe7 12. Bc2 Rac8 13. Nc4 Nf6 14. dxc5 Qxc5 15. Nd6 Rb8 16. Qd3 Ne5 17. Nxe5 Qxe5 18. Nxb7 Rxb7 19. Rad1 Rc7 20. Qd6 Qxd6 21.
Rxd6 Rfc8 22. Red1 Kf8 23. e4 Ke7 24. e5 Ng4 25. f4 Ne3 26. R1d2 Nc4 27. Bb3 Nxd2 28. Rxd2 g5 29. g3 gxf4 30. gxf4 f6 31. Rg2 Rf8 32. Rg6 fxe5 33. fxe5 Rc5 34. Rxh6 Rxe5 35. Rg6 Re2 36. h4 Rxb2 37. h5 Rf6 38. Rg7+ Kd6 39. Ba4 b5 40.
Bb3 a5 41. c4 a4 0-1

[Event "Late-Titled-Tuesday-Blitz-February-27-2024"]
[Site "Chess.com"]
[Date "2024.02.27"]
[Round "6"]
[White "MolecularChemist"]
[Black "Vigg-Sama"]
[Result "1-0"]
[WhiteElo "2861"]
[BlackElo "2263"]
[TimeControl "180+1"]
[EndTime "15:03:40 PST"]
[Termination "MolecularChemist won by resignation"]

1. Nf3 Nf6 2. c4 g6 3. b3 Bg7 4. Bb2 O-O 5. g3 c5 6. Bg2 Nc6 7. O-O d5 8. cxd5 Nxd5 9. Bxg7 Kxg7 10. Qc1 b6 11. Qb2+ f6 12. d4 cxd4 13. Nxd4 Nxd4 14. Qxd4 Bb7 15. Rd1 e6 16. Nc3 Nxc3 17. Qxc3 Qe7 18.
Bxb7 Qxb7 19. Rd6 Rac8 20. Qd3 Rf7 21. Rxe6 Rd7 22. Rd6 Rcd8 23. Rxd7+ Rxd7 24. Qc2 Qd5 25. Rc1 Re7 26. e3 Rd7 27. h4 h5 28. Qc6 Qd2 29.
Rc2 Qd1+ 30. Kg2 Qg4 31. Rc4 Qd1 32. Rf4 Qd6 33. Qxd6 Rxd6 34. Rd4 Rxd4 35. exd4 Kf7 36. Kf3 Ke6 37. Ke4 g5 38. d5+ Kd6 39. Kf5 1-0

[Event "Late-Titled-Tuesday-Blitz-February-27-2024"]
[Site "Chess.com"]
[Date "2024.02.27"]
[Round "6"]
[White "KaydenTroffChess"]
[Black "marcodobrikov"]
[Result "1-0"]
[WhiteElo "2817"]
[BlackElo "2590"]
[TimeControl "180+1"]
[EndTime "15:03:43 PST"]
[Termination "KaydenTroffChess won by resignation"]

1. d4 f5 2. g3 Nf6 3. Bg5 d5 4. Bxf6 exf6 5. Bg2 c6 6. Nf3 Bd6 7. O-O f4 8. c4 dxc4 9. Qc2 Be6 10. Nfd2 O-O 11. Nxc4 Bc7 12. Rd1 Nd7 13. d5 cxd5 14.
Bxd5 Bxd5 15. Rxd5 Qe8 16. Qb3 Kh8 17. Qxb7 Qxe2 18.
Rxd7 Rab8 19. Nc3 Qxc4 20. Qxc7 Qg8 21. Qxf4 Rxb2 22. Re1 Re8 23. Rxe8 Qxe8 24. Qe4 Qc8 25. Qe7 Rb1+ 26. Nxb1 Qc1+ 27. Kg2 Qc6+ 28. f3 Qc2+ 29.
Nd2 Qg6 30. Rd8+ Qe8 1-0

[Event "Late-Titled-Tuesday-Blitz-February-27-2024"]
[Site "Chess.com"]
[Date "2024.02.27"]
[Round "6"]
[White "Anna20240"]
[Black "jaramsdal"]
[Result "1-0"]
[WhiteElo "1927"]
[BlackElo "2224"]
[TimeControl "180+1"]
[EndTime "15:03:44 PST"]
[Termination "Anna20240 won by resignation"]

1. d4 Nf6 2. c4 e6 3. Nf3 d5 4. g3 Bb4+ 5. Bd2 Be7 6. Bg2 O-O 7. cxd5 exd5 8. O-O c6 9. Nc3 Bf5 10. Re1 Re8 11.
Ne5 Nbd7 12. Nxd7 Nxd7 13. e4 dxe4 14. Nxe4 Nf6 15. Nxf6+ Bxf6 16. Rxe8+ Qxe8 17. Bc3 h5 18. Qxh5 g6 19. Qf3 Kg7 20. Re1 Qd7 21. d5 Bxc3 22.
Qxc3+ Kh7 23. dxc6 bxc6 24. Bxc6 Qd8 25. Bxa8 Qxa8 26.
Re7 Qd5 27. Qb3 Qf3 28. Qxf3 1-0

[Event "Late-Titled-Tuesday-Blitz-February-27-2024"]
[Site "Chess.com"]
[Date "2024.02.27"]
[Round "6"]
[White "QuintilianoR"]
[Black "rhungaski"]
[Result "1-0"]
[WhiteElo "2753"]
[BlackElo "2594"]
[TimeControl "180+1"]
[EndTime "15:03:50 PST"]
[Termination "QuintilianoR won on time"]

1. Nf3 c5 2. e4 Nc6 3. c3 Nf6 4. e5 Nd5 5. Bc4 Nb6 6. Bb3 d5 7. exd6 Qxd6 8. O-O Be6 9. Na3 a6 10. Re1 Bxb3 11. axb3 e6 12. Nc4 Nxc4 13. bxc4 Be7 14. d4 Rd8 15. Qb3 cxd4 16. Qxb7 Rb8 17. Qxa6 dxc3 18.
Bf4 Qxf4 19. Qxc6+ Kf8 20. bxc3 g5 21. Ra7 g4 22. Nd4 Rb2 23. Rf1 Bf6 24. Nxe6+ fxe6 25. Qc8+ 1-0

[Event "Late-Titled-Tuesday-Blitz-February-27-2024"]
[Site "Chess.com"]
[Date "2024.02.27"]
[Round "6"]
[White "SergioMoralesG"]
[Black "ElVital"]
[Result "1-0"]
[WhiteElo "2519"]
[BlackElo "2363"]
[TimeControl "180+1"]
[EndTime "15:04:00 PST"]
[Termination "SergioMoralesG won by resignation"]

1. d4 Nf6 2. c4 g6 3. Nc3 Bg7 4. e4 O-O 5. Nf3 d6 6. Be2 e5 7. Be3 Ng4 8. Bg5 f6 9. Bh4 Na6 10. O-O Qe8 11. dxe5 dxe5 12. a3 h5 13. Nd2 g5 14.
Bg3 Nc5 15. h3 f5 16. hxg4 fxg4 17. Nd5 Qf7 18. f3 Qd7 19. fxg4 c6 20. Rxf8+ Kxf8 21.
Qf1+ Ke8 22. Nf6+ Bxf6 23. Qxf6 Qxd2 24. Qh8+ Ke7 25. Qg7+ Ke8 26. Rf1 Ne6 27. Qf7+ Kd8 28. Rd1 Qxd1+ 29. Bxd1 h4 30. Bxe5 Bd7 31. Qg8+ 1-0

[Event "Late-Titled-Tuesday-Blitz-February-27-2024"]
[Site "Chess.com"]
[Date "2024.02.27"]
[Round "6"]
[White "TheMagician"]
[Black "ChessFanNM"]
[Result "1-0"]
[WhiteElo "2152"]
[BlackElo "2317"]
[TimeControl "180+1"]
[EndTime "15:04:01 PST"]
[Termination "TheMagician won on time"]

1. e4 e5 2. Nf3 Nc6 3. Bb5 a6 4. Bxc6 dxc6 5. O-O Qf6 6. d3 Bd6 7. Be3 Bg4 8. Nbd2 Ne7 9. c4 c5 10. b4 Nc6 11. bxc5 Be7 12. Rb1 O-O 13. Rxb7 Rfd8 14.
Qa4 Rxd3 15. Rxc7 Nd4 16. Bg5 Ne2+ 17. Kh1 1-0

[Event "Late-Titled-Tuesday-Blitz-February-27-2024"]
[Site "Chess.com"]
[Date "2024.02.27"]
[Round "6"]
[White "TomsKantans"]
[Black "IM_Tissir"]
[Result "1-0"]
[WhiteElo "2675"]
[BlackElo "2501"]
[TimeControl "180+1"]
[EndTime "15:04:02 PST"]
[Termination "TomsKantans won by resignation"]

1. e4 c5 2. Nf3 d6 3. Bb5+ Nd7 4. a4 Nf6 5. Nc3 g6 6. a5 a6 7. Bc4 Bg7 8. Bxf7+ Kxf7 9. Ng5+ Kg8 10. Ne6 Qe8 11. Nc7 Qf7 12. Nxa8 Ne5 13. h3 Nh5 14. d3 h6 15. Nb6 Be6 16. Nbd5 Kh7 17. O-O Bxh3 18. f4 Ng4 19. gxh3 Bd4+ 20. Kg2 Nf2 21. Rxf2 Bxf2 22.
Kxf2 e6 23. Qf3 exd5 24. Nxd5 Re8 25. Bd2 Re6 26. Rg1 Qe8 27. f5 gxf5 28. Qxf5+ Kh8 29. Bc3+ 1-0

[Event "Late-Titled-Tuesday-Blitz-February-27-2024"]
[Site "Chess.com"]
[Date "2024.02.27"]
[Round "6"]
[White "Fjal"]
[Black "Schattman"]
[Result "1/2-1/2"]
[WhiteElo "2281"]
[BlackElo "2419"]
[TimeControl "180+1"]
[EndTime "15:04:08 PST"]
[Termination "Game drawn by agreement"]

1. Nf3 Nf6 2. g3 g6 3. Bg2 Bg7 4. O-O d5 5. d3 O-O 6. c4 Nc6 7. Nc3 h6 8. Bf4 Re8 9. cxd5 Nxd5 10. Nxd5 Qxd5 11. Ne5 Qb5 12. Nxc6 bxc6 13. a4 Qb7 14. Qc2 Bd7 15. Rab1 a5 16. Rfc1 e5 17. Be3 Ra6 18. Qc4 Rea8 19. b4 axb4 20. Rxb4 Qc8 21. Rcb1 Bf8 22.
Bc5 Bd6 23. h4 Be6 24. Qc3 Bd5 25. Bxd6 cxd6 26. Bxd5 cxd5 27. Qxc8+ Rxc8 28. Rb5 Rc5 29. Rxc5 dxc5 30. Rb5 Rxa4 31. Rxc5 Rd4 1/2-1/2

[Event "Late-Titled-Tuesday-Blitz-February-27-2024"]
[Site "Chess.com"]
[Date "2024.02.27"]
[Round "6"]
[White "JaackCamel"]
[Black "NovakRatko"]
[Result "0-1"]
[WhiteElo "2237"]
[BlackElo "2473"]
[TimeControl "180+1"]
[EndTime "15:04:09 PST"]
[Termination "NovakRatko won by resignation"]

1. d4 d5 2. c4 c5 3. cxd5 Qxd5 4. e3 cxd4 5. Nc3 Qa5 6. exd4 Nf6 7. Nf3 e6 8. Bd3 Bd6 9. O-O O-O 10. Qe2 Nc6 11. Bg5 Be7 12. Rfd1 Nxd4 13. Bxh7+ Nxh7 14. Nxd4 Qxg5 15. Ne4 Qg6 16. Rac1 e5 17. Nf3 Bg4 18. h3 Bxf3 19.
Qxf3 Ng5 20. Nxg5 Bxg5 21. Rc7 e4 22. Qg3 b6 23. Rdd7 Qh6 24. Qg4 Rae8 25. Qf5 Qf6 26. Qg4 e3 27. fxe3 Bxe3+ 28. Kh1 Qf1+ 29. Kh2 Bf4+ 0-1

[Event "Late-Titled-Tuesday-Blitz-February-27-2024"]
[Site "Chess.com"]
[Date "2024.02.27"]
[Round "6"]
[White "yaguigor"]
[Black "Kirill_Klukin"]
[Result "0-1"]
[WhiteElo "2624"]
[BlackElo "2845"]
[TimeControl "180+1"]
[EndTime "15:04:15 PST"]
[Termination "Kirill_Klukin won by resignation"]

1. e4 c5 2. Nf3 g6 3. d4 cxd4 4. Nxd4 Bg7 5. c4 Nc6 6. Be3 Nf6 7. Nc3 O-O 8. Be2 d6 9. O-O Bd7 10. Re1 Nxd4 11. Bxd4 Bc6 12. Bf3 Nd7 13. Bxg7 Kxg7 14. b4 b6 15. Qd4+ Kg8 16. Be2 Rc8 17. f4 Qc7 18.
Rac1 Rfd8 19. Bg4 e6 20. Nd5 Bxd5 21. exd5 e5 22. fxe5 dxe5 23. Qd2 Qd6 24. a3 f5 25. Bd1 e4 26. Bb3 Ne5 27. c5 bxc5 28. bxc5 Rxc5 29.
Rxc5 Qxc5+ 30. Kf1 Nd3 31. Rd1 Kg7 32. h3 Qd4 33. Qc2 Rc8 34. Rxd3 Qxd3+ 0-1

[Event "Late-Titled-Tuesday-Blitz-February-27-2024"]
[Site "Chess.com"]
[Date "2024.02.27"]
[Round "6"]
[White "Chessdude1987"]
[Black "LUISMIGUELOV"]
[Result "0-1"]
[WhiteElo "2345"]
[BlackElo "2190"]
[TimeControl "180+1"]
[EndTime "15:04:15 PST"]
[Termination "LUISMIGUELOV won by resignation"]

1. e4 d5 2. exd5 Nf6 3. Nf3 Nxd5 4. d4 Bg4 5. Be2 e6 6. h3 Bh5 7. c4 Nf6 8. Nc3 Nbd7 9. O-O Be7 10. Bf4 O-O 11. Ne5 Bxe2 12. Qxe2 c5 13. dxc5 Bxc5 14. Rad1 Qe7 15. b4 Bxb4 16. Nxd7 Nxd7 17. Nb5 a6 18. Nd6 Qf6 19. Bg3 Bxd6 20. Rxd6 Nc5 21. Qe3 Rac8 22.
Rfd1 h6 23. Be5 Qg6 24. Bd4 Ne4 25. Rd7 Nf6 26. Rxb7 Rxc4 27. Qe2 Ra4 28. Rd3 Qe4 29. Qxe4 Nxe4 30. Be5 Nc5 31. Rbb3 Nxd3 32. Rxd3 Rxa2 33. Rg3 f6 0-1

[Event "Late-Titled-Tuesday-Blitz-February-27-2024"]
[Site "Chess.com"]
[Date "2024.02.27"]
[Round "6"]
[White "pinguino120"]
[Black "JackRodgers"]
[Result "0-1"]
[WhiteElo "2364"]
[BlackElo "2518"]
[TimeControl "180+1"]
[EndTime "15:04:20 PST"]
[Termination "JackRodgers won by resignation"]

1. Nf3 c5 2. e4 g6 3. c3 Bg7 4.
d4 cxd4 5. cxd4 d5 6. e5 Bg4 7.
Be2 Nc6 8. O-O Nh6 9. Nc3 O-O 10. h3 Bxf3 11. Bxf3 Nf5 12. Be3 e6 13. Qb3 Ncxd4 14. Qd1 Nxf3+ 15. Qxf3 d4 16. Rad1 Bxe5 17. Ne4 Qe7 18.
Bg5 f6 19. Bc1 Rad8 20. g4 Nh4 21. Qb3 Kh8 22. Bh6 Rf7 23. f4 Bb8 24. g5 Nf5 25. gxf6 Qd7 26. Bg5 Qd5 27. Qxd5 exd5 28. Nc5 Ne3 29. Ne6 Re8 30. Ng7 Re4 31. Rc1 Bc7 32. Rfe1 d3 0-1